 Dungeon Crawl Stone Soup version 0.29-a0-819-g94b489e0ae (webtiles) character file.

Game seed: 10722528802489075131

5 gobodom the Caller (level 1, 0/10 HPs)
             Began as a Tengu Summoner on July 7, 2022.
             Constricted to death by a ball python (1 damage)
             ... on level 1 of the Dungeon.
             The game lasted 00:01:25 (223 turns).

gobodom the Caller (Tengu Summoner)                  Turns: 223, Time: 00:01:26

Health: 0/10       AC:  3    Str:  8    XL:     1   Next: 80%
Magic:  3/4        EV:  9    Int: 15    God:
Gold:   23         SH:  0    Dex: 14    Spells: 3/4 levels left

rFire   . . .      SeeInvis .   g - +0 dagger
rCold   . . .      Faith    .   (no shield)
rNeg    . . .      Spirit   .   a - +0 robe
rPois   .          Reflect  .   (helmet restricted)
rElec   .          Harm     .   (no cloak)
rCorr   .          Rampage  .   h - +0 pair of gloves
Will    .....                   (boots unavailable)
Stlth   ++........              (no amulet)
HPRegen 0.03/turn               (no ring)
MPRegen 0.09/turn               (no ring)

@: constricted
A: beak, talons 3
a: no special abilities


You were on level 1 of the Dungeon.
You visited 1 branch of the dungeon, and saw 1 of its levels.

You collected 23 gold pieces.

Inventory:

Hand Weapons
 g - a +0 dagger (weapon)
Missiles
 c - a throwing net
 i - 4 javelins
Armour
 a - a +0 robe (worn)
 h - a +0 pair of gloves (worn)
Scrolls
 k - a scroll of enchant weapon {unknown}
Potions
 b - a potion of magic
 d - 2 potions of haste {unknown}
 e - a potion of invisibility {unknown}
 f - a potion of degeneration {unknown}
 j - 2 potions of mutation {unknown}


   Skills:
 + Level 2.2 Dodging
 + Level 2.0 Stealth
 + Level 2.0 Spellcasting
 + Level 5.2 Summonings


You had 3 spell levels left.
You knew the following spells:

 Your Spells              Type           Power      Damage    Failure   Level
a - Summon Small Mammal   Summ           68%        N/A       2%          1

Your spell library contained the following spells:

 Spells                   Type           Power      Damage    Failure   Level
 Call Imp                 Summ           17%        N/A       4%          2
 Call Canine Familiar     Summ           17%        N/A       8%          3
 Summon Guardian Golem    Hex/Summ       9%         N/A       22%         3
 Summon Lightning Spire   Summ/Air       9%         N/A       58%         4


Dungeon Overview and Level Annotations

Branches:
Dungeon (1/15)

Altars:


Innate Abilities, Weirdness & Mutations

You have a beak for a mouth.
You have claws for feet.


Message History

Your bat hits the hobgoblin but does no damage. x2
The hobgoblin hits you.
Your quokka barely misses the hobgoblin.
Your bat hits the hobgoblin but does no damage.
You closely miss the hobgoblin. You claw the hobgoblin. You peck the hobgoblin.
The hobgoblin is almost dead.
Your bat hits the hobgoblin but does no damage. x2
Your quokka bites the hobgoblin.
The hobgoblin dies!
Found a scroll labelled NISMEE YFFAY.
Found a ruby potion and a scroll labelled TOAPPIS YSHAK.
Found a murky yellow potion.
k - a scroll labelled TOAPPIS YSHAK You open the door.
A goblin comes into view. It is wielding a +0 dagger.
The goblin shouts!
You hear a shout!
The goblin moves out of view.
There is an open door here.
A ball python comes into view.
Your bat closely misses the goblin.
Your bat barely misses the goblin.
The goblin hits you with a +0 dagger.
You barely miss the goblin.
Your quokka disappears in a puff of smoke!
Your bat hits the goblin. The goblin hits you with a +0 dagger.
A kobold comes into view. It is wielding a +0 short sword.
Your bat closely misses the goblin.
The ball python bites you. The ball python barely misses you.
The goblin barely misses you.
You hit the goblin but do no damage. Your kick misses the goblin.
The goblin is moderately wounded.
Your bat hits the goblin.
The ball python bites you but does no damage.
The ball python barely misses you. The goblin hits you with a +0 dagger.
* * * LOW HITPOINT WARNING * * *
Your quokka barely misses the goblin.
The ball python attacks as you move away!
The ball python barely misses you.
Your bat barely misses the goblin.
The ball python barely misses you. The ball python grabs you.
The ball python constricts you.
You die...

.)......###.###.#.#.###
#.# ..(......##.# #.....#
#.. #'######.##.#
#.###.######. #.#
#...##.# #.####..... .#
#.####.[..#.# #...^...[..
..
#...#####.#.###..........
#...'...#.#...'..........
#...###.#.#...#...!.#+##
#...# #.#.#...#.@S..#
#...# #.#.#...#..gr!#
##### #.#.......b..K#
#.##......####..
#.##.?....# ....
###'##......# ...#
#...........# ...#
#.....####### ..# #.....#


You could see a goblin (ally target), a ball python, a kobold, a friendly quokka
(summoned) and a friendly bat (summoned).

Vanquished Creatures
  A kobold (D:1)
  A rat (D:1)
2 creatures vanquished.

Vanquished Creatures (collateral kills)
  2 endoplasms (D:1)
  A hobgoblin (D:1)
3 creatures vanquished.

Grand Total: 5 creatures vanquished

Notes
Turn   | Place    | Note
-------+----------+-------------------------------------------
     0 | D:1      | gobodom the Tengu Summoner began the quest for the Orb.
     0 | D:1      | Reached XP level 1. HP: 10/10 MP: 4/4
   144 | D:1      | Reached skill level 5 in Summonings
   223 | D:1      | Constricted to death by a ball python

Illustrated notes

Levels and vault maps discovered:
D:1:      roderic_chinese_lattice_arrival, layout_basic,
          hellmonk_ecumenical_altar_inner_sanctum

Skill      XL: |  1 |
---------------+----+-----
Summonings     | 5 |  5.2
Dodging        | |  2.2
Stealth        | |  2.0
Spellcasting   | |  2.0

Action                   || total
-------------------------++-------
Melee: Dagger            ||     6
       Peck              ||     2
       Kick              ||     1
 Cast: Summon Small Mamm ||     7
Armor: Robe              ||     3
Dodge: Dodged            ||     6

Table legend: (Time is in decaauts)
 A = Elapsed time spent in this place.
 B = Non-inter-level travel time spent in this place.
 C = Inter-level travel time spent in this place.
 D = Time resting spent in this place.
 E = Time spent auto-exploring this place.
 F = Levels seen in this place.
 G = Mean time per level.
                   A        B        C        D        E       F      G
               +--------+--------+--------+--------+--------+-----+--------+
         Total |    222 |    222 |      0 |      0 |     99 |   1 |  222.0 |
       Dungeon |    222 |    222 |      0 |      0 |     99 |   1 |  222.0 |
               +--------+--------+--------+--------+--------+-----+--------+

Top non-repeatable levels by time:
     D:1: 222 daAuts
